 Dungeon Crawl Stone Soup version 0.29-a0-88-g03a7b78be7 (webtiles) character file.

Game seed: 3402293718991266536

121 lordive the Grasshopper (level 4, -3/42 HPs)
             Began as a Troll Warper on Feb 5, 2022.
             Slain by a gnoll (5 damage)
             ... on level 3 of the Dungeon.
             The game lasted 00:01:34 (1340 turns).

lordive the Grasshopper (Troll Warper)              Turns: 1340, Time: 00:01:35

Health: -3/42      AC:  4    Str: 19    XL:     4   Next: 76%
Magic:  5/5        EV: 10    Int: 11    God:
Gold:   133        SH:  0    Dex:  9    Spells: 3/5 levels left

rFire   . . .      SeeInvis .     - Unarmed
rCold   . . .      Faith    .   (no shield)
rNeg    . . .      Spirit   .   a - +0 robe
rPois   .          Reflect  .   (helmet restricted)
rElec   .          Harm     .   (no cloak)
rCorr   .          Rampage  .   (gloves unavailable)
Will    .....                   (boots unavailable)
Stlth   +.........              h - amulet of regeneration
HPRegen 1.74/turn               (no ring)
MPRegen 0.09/turn               (no ring)

@: no status effects
A: large, unfitting armour, claws 3, regeneration 1, shaggy fur 1, tough skin 1
a: no special abilities


You were on level 3 of the Dungeon.
You visited 1 branch of the dungeon, and saw 3 of its levels.

You collected 133 gold pieces.

Inventory:

Missiles
 c - 5 boomerangs of dispersal (quivered)
Armour
 a - a +0 robe (worn)
Jewellery
 h - an amulet of regeneration (around neck)
Scrolls
 b - 2 scrolls of blinking
 g - a scroll of fog {unknown}
 i - a scroll of noise {unknown}
 k - a scroll of identify {unknown}
Potions
 d - a potion of cancellation {unknown}
 e - a potion of curing {unknown}
 f - a potion of mutation {unknown}
 j - a potion of might {unknown}


   Skills:
 + Level 1.7 Fighting
 - Level 0.8 Throwing
 + Level 2.4 Dodging
 + Level 3.0 Unarmed Combat
 + Level 1.4 Spellcasting
 * Level 3.1 Translocations


You had 3 spell levels left.
You knew the following spells:

 Your Spells              Type           Power      Damage    Failure   Level
a - Blink                 Tloc           14%        N/A       13%         2

Your spell library contained the following spells:

 Spells                   Type           Power      Damage    Failure   Level
 Gell's Gravitas          Tloc           7%         N/A       26%         3
 Lesser Beckoning         Tloc           7%         N/A       26%         3
 Teleport Other           Tloc           7%         N/A       26%         3
 Dazzling Flash           Conj/Hex       0%         N/A       67%         3
 Iskenderun's Mystic Bla  Conj/Tloc      4%         2d3       85%         4
 Manifold Assault         Tloc           7%         N/A       93%         5
 Starburst                Conj/Fire      0%         6d3       100%        6


Dungeon Overview and Level Annotations

Branches:
Dungeon (3/15)

Altars:


Innate Abilities, Weirdness & Mutations

You are too large for most types of armour.
You have claws for hands.
Your natural rate of healing is unusually fast.
You are covered in fur. (AC +1)
You have tough skin. (AC +1)


Message History

There are monsters nearby!
You scratch the gnoll. You claw the gnoll.
The gnoll is severely wounded.
A ball python comes into view.
The gnoll barely misses you.
You barely miss the gnoll.
The gnoll is severely wounded.
You barely miss the gnoll.
The gnoll is severely wounded.
The gnoll hits you with a +0 halberd! The gnoll hits you but does no damage.
You claw the gnoll!
You kill the gnoll!
The gnoll hits you with a +0 whip.
A worm comes into view.
You closely miss the gnoll. The gnoll hits you with a +0 flail!
The gnoll hits you but does no damage.
You claw the gnoll!
The gnoll is almost dead.
The gnoll hits you with a +0 whip. The gnoll hits you with a +0 flail!
* * * LOW HITPOINT WARNING * * *
You are too injured to fight recklessly!
You are too injured to fight recklessly!
You are too injured to fight recklessly!
You are too injured to fight recklessly!
You are too injured to fight recklessly!
You are too injured to fight recklessly!
You are too injured to fight recklessly!
You are too injured to fight recklessly!
You are too injured to fight recklessly!
You are too injured to fight recklessly!
You are too injured to fight recklessly!
You are too injured to fight recklessly!
You are too injured to fight recklessly!
You are too injured to fight recklessly!
Unknown command.
The ball python hisses angrily.
The gnoll hits you with a +0 flail!
* * * LOW HITPOINT WARNING * * *
The gnoll hits you with a +0 whip.
You die...

S. .. .. .#
.# ..# .#
#..$.###.###
#..g@)..#
#..g....#
#.......#
#.......#
#......^#
#.......#
#w......#
.)......#


You could see a worm, 2 gnolls and a ball python.

Vanquished Creatures
  A scorpion (D:2)
  A gnoll (D:3)
  2 adders (D:2)
  A dart slug (D:1)
  An orc (D:2)
  4 ball pythons
  6 endoplasms
  A giant cockroach (D:1)
  2 goblins (D:1)
  3 hobgoblins
  2 bats (D:1)
  3 frilled lizards (D:2)
  A kobold (D:1)
  2 rats (D:1)
30 creatures vanquished.

Notes
Turn   | Place    | Note
-------+----------+-------------------------------------------
     0 | D:1      | lordive the Troll Warper began the quest for the Orb.
     0 | D:1      | Reached XP level 1. HP: 19/19 MP: 1/1
   140 | D:1      | Reached XP level 2. HP: 27/27 MP: 2/2
   183 | D:1      | Found a faded altar of an unknown god.
   773 | D:2      | Reached XP level 3. HP: 30/33 MP: 2/4
   923 | D:2      | Learned a level 2 spell: Blink
  1022 | D:2      | Noticed a scorpion
  1035 | D:2      | Killed a scorpion
  1036 | D:2      | Reached XP level 4. HP: 38/42 MP: 5/5
  1340 | D:3      | HP: 2/42 [gnoll (10)]
  1340 | D:3      | Slain by a gnoll

Illustrated notes

Levels and vault maps discovered:
D:1:      tarquinn_simple_flora_water_a, layout_loops_ring,
          chequers_ecumenical_altar_island
D:2:      layout_loops_ring, kennysheep_generic_room_15
D:3:      layout_rooms, serial_shops, nicolae_lakefront_shop,
          grunt_decor_one_mirror, nrook_loot_triangle, uniq_grinder

Skill      XL: |  1  2  3  4 |
---------------+-------------+-----
Dodging        | 2 |  2.4
Translocations | 3 |  3.1
Unarmed Combat | 3 |  3.0
Fighting       | |  1.7
Throwing       | |  0.8
Spellcasting   | |  1.4

Action                   |  1- 3 |  4- 6 || total
-------------------------+-------+-------++-------
Melee: Unarmed           |    74 |    17 ||    91
       Punch             |       |     1 ||     1
Armor: Robe              |    30 |     4 ||    34
Dodge: Dodged            |    39 |     4 ||    43

Table legend: (Time is in decaauts)
 A = Elapsed time spent in this place.
 B = Non-inter-level travel time spent in this place.
 C = Inter-level travel time spent in this place.
 D = Time resting spent in this place.
 E = Time spent auto-exploring this place.
 F = Levels seen in this place.
 G = Mean time per level.
                   A        B        C        D        E       F      G
               +--------+--------+--------+--------+--------+-----+--------+
         Total |   1342 |   1307 |     35 |      0 |   1081 |   3 |  447.3 |
       Dungeon |   1342 |   1307 |     35 |      0 |   1081 |   3 |  447.3 |
               +--------+--------+--------+--------+--------+-----+--------+

Top non-repeatable levels by time:
     D:2: 671 daAuts
     D:1: 664 daAuts
     D:3: 6 daAuts
